 Dungeon Crawl Stone Soup version 0.31.0-32-g396128a36d (webtiles) character file.

Game seed: 8747436007119133136

159 cerebuk897 the Poker (level 5, -2/64 HPs)
             Began as a Merfolk Berserker on Apr 12, 2024.
             Was a Believer of Trog.
             Killed by nerve-wracking pain
             ... invoked by Grinder
              (8 damage)
             ... on level 3 of the Dungeon.
             The game lasted 00:16:44 (2009 turns).

cerebuk897 the Poker (Merfolk Berserker)            Turns: 2009, Time: 00:16:47

Health: -2/64      AC:  3    Str: 20    XL:     5   Next: 40%
Magic:  5/5        EV: 16    Int:  6    God:    Trog [**....]
Gold:   80         SH:  7    Dex: 13    Spells: 4/4 levels left

rFire   . . .        a - +0 spear
rCold   . . .        h - +0 kite shield
rNeg    . . .        b - +0 animal skin
rPois   .            (no helmet)
rElec   .            (no cloak)
rCorr   .            f - +0 pair of gloves
SInv    +            (no boots)
Will    .....        (no amulet) Stlth
                     c - +5 ring of evasion
HPRegen 0.30/turn    i - ring of see invisible
MPRegen 0.09/turn

%: no passive effects
@: berserking, very quick
A: (nimble swimmer 2), mertail
a: Renounce Religion, Berserk, Trog's Hand


You were on level 3 of the Dungeon.
You worshipped Trog.
Trog was pleased with you.
You visited 1 branch of the dungeon, and saw 3 of its levels.

You collected 80 gold pieces.

Inventory:

Hand Weapons
 a - a +0 spear (weapon)
Armour
 b - a +0 animal skin (worn)
 f - a +0 pair of gloves (worn)
 h - a +0 kite shield (worn)
Jewellery
 c - a +5 ring of evasion (left hand)
 i - a ring of see invisible (right hand)
Talismans
 e - a dragon-blood talisman
Scrolls
 d - a scroll of teleportation {unknown}
 l - a scroll of fear
Potions
 g - a potion of berserk rage
 j - a potion of ambrosia
 k - a potion of heal wounds {unknown}
 m - a potion of degeneration {unknown}


   Skills:
 + Level 4.7 Fighting
 + Level 6.0 Polearms
 - Level 1.3 Armour
 - Level 2.6 Dodging
 - Level 1.0 Stealth
 * Level 2.0 Shapeshifting


You had 4 spell levels left.
You didn't know any spells.
Your spell library was empty.

Dungeon Overview and Level Annotations

Branches:
Dungeon (3/15)

Altars:

Shops:
D:2 !(*![   D:3 ?

Annotations:
D:3 Grinder


Innate Abilities, Weirdness & Mutations

((You are very nimble when in or above water. (Stealth+, EV+, Speed+++)))
Your lower body shifts to a powerful aquatic tail in water.


Message History

Grinder barely misses you.
You barely miss Grinder.
Grinder is lightly wounded.
Grinder gestures at you. Pain shoots through your body!
You completely miss Grinder.
Grinder is lightly wounded.
Grinder blinks!
Grinder blinks!
Grinder blinks!
Grinder gestures at you. You resist with significant effort. Grinder hits you.
You writhe in agony.
You closely miss Grinder.
Grinder is lightly wounded.
Grinder hits you!
* * * LOW HITPOINT WARNING * * *
You writhe in agony.
* * * LOW HITPOINT WARNING * * *
A red film seems to cover your vision as you go berserk!
You feel yourself moving faster!
You feel mighty! Grinder hits you but does no damage.
You closely miss Grinder.
Grinder is lightly wounded.
Grinder hits you!
* * * LOW HITPOINT WARNING * * *
You writhe in agony.
* * * LOW HITPOINT WARNING * * *
You puncture Grinder!
Grinder is moderately wounded.
You block Grinder's attack.
You hit Grinder.
Grinder is heavily wounded.
You completely miss Grinder.
Grinder is heavily wounded.
Grinder says, "Wait up."
Grinder gestures at you. Pain shoots through your body!
You die...
Grinder says, "Now the real fun starts!"

###..8....#
...........#
####.#####.# #.
#.#
..##########.#.
#.#
...........5...
#.#
#......).....#
#.#
#.############.#
#..5@..........#
#.##############
#.# #.# #.# #.#
#.# #.#


You could see Grinder.

Vanquished Creatures
  Natasha (thrice) (D:2)
  3 adders (D:2)
  3 dart slugs
  3 bats
  5 endoplasms
  3 giant cockroaches
  7 goblins
  4 hobgoblins
  4 jackals (D:2)
  3 quokkas
  A ball python (D:2)
  5 frilled lizards
  5 kobolds
  3 rats
52 creatures vanquished.

Notes
Turn   | Place    | Note
-------+----------+-------------------------------------------
     0 | D:1      | cerebuk897 the Merfolk Berserker began the quest for the
                  | Orb.
     0 | D:1      | Reached XP level 1. HP: 18/18 MP: 1/1
   202 | D:1      | Reached XP level 2. HP: 20/24 MP: 2/2
   699 | D:1      | Reached XP level 3. HP: 26/30 MP: 3/3
   916 | D:2      | Found Beiq's Distillery.
   928 | D:2      | Noticed Natasha
   966 | D:2      | Killed Natasha
   967 | D:2      | Reached skill level 5 in Polearms
   967 | D:2      | Reached skill level 1 in Shapeshifting
  1035 | D:2      | Reached XP level 4. HP: 37/37 MP: 4/4
  1067 | D:2      | Found Fumoc's Antique Armour Boutique.
  1191 | D:2      | Found Berphes's Distillery.
  1268 | D:2      | Found Silloega's General Store.
  1272 | D:2      | Noticed Natasha
  1291 | D:2      | Killed Natasha
  1292 | D:2      | Reached skill level 1 in Stealth
  1374 | D:2      | Reached ** piety under Trog
  1382 | D:2      | Found Ofuatusch's Weapon Boutique.
  1424 | D:2      | Reached XP level 5. HP: 36/43 MP: 5/5
  1554 | D:2      | Noticed Natasha
  1574 | D:2      | Killed Natasha
  1751 | D:2      | Reached skill level 6 in Polearms
  1944 | D:3      | Found Xatimm's Magic Scroll Boutique.
  1975 | D:3      | Noticed Grinder
  2009 | D:3      | Killed from afar by Grinder

Illustrated notes

Levels and vault maps discovered:
D:1:      tarquinn_simple_flora_water_d, layout_loops_ring
D:2:      layout_rooms, serial_shops, nicolae_shop_tiny_real_fake_doors, shop,
          nicolae_shop_bloodbath_and_beyond, shop,
          nicolae_shop_advertising_works [nicolae_subvault_shop_adworks],
          uniq_natasha
D:3:      layout_basic, serial_shops, nicolae_shop_statue_plus,
          amcnicky_altar_lugonu_corruption, uniq_crazy_yiuf_cottage,
          uniq_grinder

Skill      XL: |  1  2  3  4  5 |
---------------+----------------+-----
Fighting       | 4 |  4.7
Polearms       | 5 6 |  6.0
Shapeshifting  | 1 2 |  2.0
Stealth        | 1 |  1.0
Armour         | |  1.3
Dodging        | |  2.6

Action                     |  1- 3 |  4- 6 || total
---------------------------+-------+-------++-------
  Melee: Spear             |    94 |    91 ||   185
 Invoke: Berserk           |       |     4 ||     4
    Use: Scroll            |     2 |     3 ||     5
   Stab: Sleeping          |     1 |     1 ||     2
 Armour: Animal skin       |    34 |    38 ||    72
  Dodge: Dodged            |    51 |    73 ||   124
  Block: Kite shield       |       |     3 ||     3
         Form:             |     1 |       ||     1
         Dragon            |     1 |       ||     1
